AoeStats
← gatoandaluz

Arabia

507561866Analyzed
1v1 RM · 14d ago on Sep 18, 2026· 58m 22s· 2 players
Game mode
Random Map
Map size
Tiny (2 player)
Population
200
Speed
Normal
Resources
Standard
Victory
Conquest
Starting age
Dark Age
Ending age
Imperial Age
RankedLock teamsTeams togetherTeam positionsShared explorationLock speedFull tech treeHidden civsTurbo modeCheats
Victory
Defeat
🇨🇴 Bulgarians · Colombia
434
+10
🇪🇸 Cumans · Spain
296
-10
gatoandaluz
12:52 Feudal Age
26:57 Castle Age
26:42 Wheelbarrow
26:00 Town Watch
30:28 Hand Cart
30:21 Double-Bit Axe
30:59 Steppe Husbandry
33:12 Bow Saw
33:27 Loom
33:25 Horse Collar
40:42 Imperial Age
39:10 Ballistics
40:53 Gold Mining
43:25 Parthian Tactics
45:05 Chemistry
44:29 Heavy Cavalry Archer
45:18 Scale Barding Armor
46:28 Chain Barding Armor
49:44 Light Cavalry
50:35 Crossbowman
52:59 Pikeman
53:31 Elite Skirmisher
54:28 Scale Mail Armor
54:39 Forging
54:25 Fletching
54:36 Padded Archer Armor
[ NuMa] Knightwheels
0:30 Loom
13:39 Feudal Age
15:55 Gold Mining
16:52 Scale Mail Armor
17:02 Forging
16:46 Arson
22:48 Castle Age
21:50 Bloodlines
21:50 Town Watch
22:13 Padded Archer Armor
23:02 Double-Bit Axe
22:59 Horse Collar
23:12 Stone Mining
24:42 Husbandry
24:58 Leather Archer Armor
24:33 Fletching
25:16 Gambesons
30:06 Thumb Ring
30:17 Squires
29:57 Pikeman
34:45 Wheelbarrow
34:35 Bodkin Arrow
44:57 Imperial Age
43:22 Stirrups
45:09 Bow Saw
49:52 Heavy Cavalry Archer
53:37 Conscription
53:20 Cavalier
56:19 Herbal Medicine
58:48 Chain Mail Armor
58:39 Scale Barding Armor
Connection lost

Rejoining the realm…

Still unreachable

The connection could not be restored.

Session expired

The server has moved on; the page needs a fresh start.